 Dungeon Crawl Stone Soup version 0.27-a0-512-g57cc695410 (webtiles) character file.

Game seed: 12982624179491088682

200 siradein the Chucker (level 5, -5/54 HPs)
             Began as an Ogre Hunter on Mar 3, 2021.
             Shot with a sling bullet by a hobgoblin (9 damage)
             ... on level 3 of the Dungeon.
             The game lasted 00:11:27 (5775 turns).

siradein the Chucker (Ogre Hunter)                  Turns: 5775, Time: 00:11:27

Health: -5/54      AC:  3    Str: 16    XL:     5   Next: 78%
Magic:  5/5        EV: 10    Int: 12    God:
Gold:   78         SH:  0    Dex: 10    Spells: 4/4 levels left

rFire    . . .     SeeInvis .   q - +0 flail
rCold    . . .     Faith    .   (no shield)
rNeg     . . .     Spirit   .   b - +0 robe
rPois    .         Reflect  .   (helmet restricted)
rElec    .         Harm     .   (no cloak)
rCorr    .         Rampage  .   (gloves unavailable)
Will     .....                  (boots unavailable)
Stlth    +.........             (no amulet)
HPRegen  0.18/turn              (no ring)
MPRegen  0.09/turn              (no ring)

@: no status effects
A: large, unfitting armour, tough skin 1
a: no special abilities


You were on level 3 of the Dungeon.
You visited 1 branch of the dungeon, and saw 4 of its levels.

You collected 78 gold pieces.

Inventory:

Hand Weapons
 q - a +0 flail (weapon)
 s - a +0 hunting sling
Missiles
 c - 5 large rocks
 d - 2 throwing nets
 g - 14 bolts
 h - 202 stones (quivered)
 j - 29 arrows
 k - 20 poisoned darts
 t - 58 sling bullets
Armour
 b - a +0 robe (worn)
Scrolls
 e - 2 scrolls of identify {unknown}
 f - 2 scrolls of noise {unknown}
 i - a scroll of fear {unknown}
 m - 4 scrolls of amnesia {unknown}
 o - a scroll of teleportation {unknown}
 u - a scroll of immolation {unknown}
Potions
 a - a potion of heal wounds
 l - a potion of curing {unknown}
 n - a potion of mutation {unknown}
 p - a potion of brilliance {unknown}
 r - 2 potions of ambrosia {unknown}


   Skills:
 + Level 4.1 Fighting
 + Level 1.9 Maces & Flails
 + Level 5.9 Throwing
 - Level 1.7 Dodging
 - Level 0.6 Stealth


You had 4 spell levels left.
You didn't know any spells.
Your spell library was empty.

Dungeon Overview and Level Annotations

Branches:
Dungeon (4/15)
 Temple: D:4-7

Altars:
Cheibriados
Dithmenos
Fedhas
Kikubaaqudgha
Makhleb
Yredelemnul


Innate Abilities, Weirdness & Mutations

You are too large for most types of armour.
You have tough skin. (AC +1)


Message History

You closely miss the hobgoblin. The hobgoblin hits you with a +0 club.
A gnoll comes into view. It is wielding a +0 club.
The goblin shouts!
The gnoll shouts!
You hit the hobgoblin.
You kill the hobgoblin!
The goblin shoots a stone.
The stone hits you.
You see here a +0 club.
You sock the gnoll!
The gnoll is heavily wounded.
The gnoll barely misses you.
The goblin shoots a stone.
The stone hits you. The gnoll hits you with a +0 club.
You barely miss the gnoll.
The gnoll is heavily wounded.
The goblin shoots a stone.
The stone hits you.
A hobgoblin comes into view. It is wielding a +0 hunting sling.
The gnoll hits you but does no damage.
The goblin shoots a stone.
The stone barely misses you.
The hobgoblin shouts!
You sock the gnoll!
You kill the gnoll!
The hobgoblin shoots a sling bullet.
The sling bullet hits you!
* * * LOW HITPOINT WARNING * * *
The goblin shoots a stone.
The stone hits you but does no damage.
The goblin shoots a stone.
The stone hits you.
* * * LOW HITPOINT WARNING * * *
There is a large open door here.
The goblin shoots a stone.
The stone barely misses you.
The hobgoblin shoots a sling bullet.
The sling bullet barely misses you.
The goblin shoots a stone.
The stone barely misses you.
The hobgoblin shoots a sling bullet.
The sling bullet closely misses you.
The hobgoblin shoots a sling bullet.
The sling bullet hits you!
* * * LOW HITPOINT WARNING * * *
You see here a +0 club.
You see here a giant cockroach corpse.
You start resting.
A goblin is nearby!
The hobgoblin shoots a sling bullet.
The sling bullet barely misses you.
A hobgoblin is nearby!
The hobgoblin shoots a sling bullet.
The sling bullet hits you!
You die...

≈≈....≈≈≈≈.≈≈.....≈≈≈≈.≈.≈≈≈≈≈.≈≈
..)..).))........................
.....))..........[...............
##).####...)............#####†..#
#)<# #.....g....###.#.#####..##
#..# #.###...##)# #.#..........
#..# #.# #...##g# #.##.####.###
#..####.###...##.###.##.# #.# #
##......).....##@(.##.##.# #.###
......................##.# #.##.
########.##.####...#####># #....
# #.##.# ##.## #.# ####. # #.##.#
#.# #.######## # ######.##.# #)#
#.##.....# # #.........# #.#
#......... # #.####.#### #.###
####.###.# # #.# #.# #...# #.#
#.#


You could see a hobgoblin.

Vanquished Creatures
  An orc priest (D:3)
  2 gnolls (D:3)
  3 adders
  2 worms (D:2)
  A dart slug (D:1)
  6 orcs
  A ball python (D:1)
  9 giant cockroaches
  13 hobgoblins
  16 jackals
  2 quokkas
  5 bats
  7 frilled lizards
  19 goblins
  4 kobolds
  9 rats
100 creatures vanquished.

Notes
Turn   | Place    | Note
-------+----------+-------------------------------------------
     0 | D:1      | siradein the Ogre Hunter began the quest for the Orb.
     0 | D:1      | Reached XP level 1. HP: 22/22 MP: 1/1
   421 | D:1      | Reached XP level 2. HP: 29/29 MP: 2/2
   869 | D:1      | Reached XP level 3. HP: 36/36 MP: 3/3
   932 | D:1      | Reached skill level 5 in Throwing
  1748 | D:2      | Found a basalt altar of Yredelemnul.
  2082 | D:2      | Reached XP level 4. HP: 19/44 MP: 4/4
  2736 | D:2      | You fall into a shaft and drop 2 floors!
  3163 | D:2      | Found a shadowy altar of Dithmenos.
  3505 | D:2      | Found an ancient bone altar of Kikubaaqudgha.
  3507 | D:2      | Found a blossoming altar of Fedhas.
  3541 | D:2      | Reached skill level 1 in Maces & Flails
  4276 | D:2      | Reached XP level 5. HP: 29/53 MP: 5/5
  4978 | D:3      | Found a snail-covered altar of Cheibriados.
  4979 | D:3      | Found a burning altar of Makhleb.
  5763 | D:3      | HP: 2/54 [hobgoblin/sling bullet (9)]
  5775 | D:3      | Shot with a sling bullet by a hobgoblin

Illustrated notes

Levels and vault maps discovered:
D:1:      shiori_arrival_elements, layout_loops_ring, minmay_pentomino_x4
D:2:      layout_loops_ring, grunt_temple_overflow_growth_and_decay,
          marbit_many_paths, old_standard_altar
D:3:      minmay_goblin_kobold_castle, layout_loops_ring,
          gammafunk_temple_overflow_statue
D:4:      layout_basic, gammafunk_ghost_stat_death

Skill      XL: |  1  2  3  4  5 |
---------------+----------------+-----
Throwing       | 5 |  5.9
Fighting       | 3 4 |  4.1
Maces & Flails | 1 |  1.9
Dodging        | |  1.7
Stealth        | |  0.6

Action                   |  1- 3 |  4- 6 || total
-------------------------+-------+-------++-------
Melee: Short sword       |    35 |       ||    35
       Spear             |   117 |       ||   117
       Flail             |    28 |   218 ||   246
Throw: Stone             |    18 |    28 ||    46
  Use: Potion            |       |     1 ||     1
 Stab: Sleeping          |     2 |       ||     2
Armor: Robe              |    67 |    71 ||   138
Dodge: Dodged            |   104 |   157 ||   261

Table legend: (Time is in decaauts)
 A = Elapsed time spent in this place.
 B = Non-inter-level travel time spent in this place.
 C = Inter-level travel time spent in this place.
 D = Time resting spent in this place.
 E = Time spent auto-exploring this place.
 F = Levels seen in this place.
 G = Mean time per level.
                   A        B        C        D        E       F      G
               +--------+--------+--------+--------+--------+-----+--------+
         Total |   5874 |   5783 |     91 |   1251 |   3401 |   4 | 1468.5 |
       Dungeon |   5874 |   5783 |     91 |   1251 |   3401 |   4 | 1468.5 |
               +--------+--------+--------+--------+--------+-----+--------+

Top non-repeatable levels by time:
     D:2: 2362 daAuts
     D:1: 1608 daAuts
     D:3: 1562 daAuts
     D:4: 340 daAuts
